 Dungeon Crawl Stone Soup version 0.23-a0-143-g1adec7bb76 (webtiles) character file.

9376 Drachen the Destroyer (level 11, -7/74 HPs)
             Began as a Demigod Conjurer on Sept 1, 2018.
             Mangled by a red ugly thing (11 damage)
             ... on level 11 of the Dungeon.
             The game lasted 00:45:51 (14368 turns).

Drachen the Destroyer (Demigod Conjurer)           Turns: 14368, Time: 00:45:52

Health: -7/74      AC:  7    Str: 11    XL:     11   Next: 2%
Magic:  2/29       EV: 12    Int: 36    God:
Gold:   495        SH:  0    Dex: 16    Spells: 11/30 levels left

rFire    + . .     SeeInvis .   F - +5 scimitar (curse)
rCold    . . .     Gourm    .   (no shield)
rNeg     . . .     Faith    .   M - +0 troll leather armour
rPois    +         Spirit   .   (helmet restricted)
rElec    .         Reflect  .   j - +0 cloak
rCorr    .         Harm     .   d - +0 pair of gloves
MR       +....                  B - +0 pair of boots
Stlth    ++........             (no amulet)
HPRegen  0.62/turn              J - +6 ring of intelligence
MPRegen  0.21/turn              b - ring of Qurov {rPois rF+ Int+3}

@: drained
A: horns 1, clever 1, high mp 1
a: no special abilities


You were on level 11 of the Dungeon.
You were not hungry.

You visited 1 branch of the dungeon, and saw 11 of its levels.

You collected 590 gold pieces.
You spent 95 gold pieces at shops.

Inventory:

Hand Weapons
 e - a +0 dagger
 l - a +3 dagger
 s - a +2 dagger of venom
 D - a +2 antimagic dagger
 F - a cursed +5 scimitar (weapon)
Missiles
 O - 7 tomahawks (quivered)
Armour
 a - a +0 robe
 d - a +0 pair of gloves (worn)
 j - a +0 cloak (worn)
 p - a scarf of cloud immunity
 w - a +2 ring mail of cold resistance
 B - a +0 pair of boots (worn)
 M - a +0 troll leather armour (worn)
Jewellery
 b - the ring of Qurov (right hand) {rPois rF+ Int+3}
   (You acquired it on level 9 of the Dungeon)

   [ring of poison resistance]

   It affects your intelligence (+3).
   It protects you from fire.
   It protects you from poison.
 q - a +6 ring of protection
 E - a +2 ring of dexterity
 I - an uncursed ring of protection from fire
 J - a +6 ring of intelligence (left hand)
 K - an uncursed ring of positive energy
Wands
 m - a wand of acid (13)
 y - a wand of flame (43)
 G - a wand of iceblast (8)
 R - a wand of disintegration (20)
Scrolls
 g - a scroll of amnesia
 h - 8 scrolls of remove curse
 i - 4 scrolls of blinking
 o - a scroll of magic mapping
 u - a scroll of immolation
 x - 4 scrolls of enchant armour
 A - a scroll of enchant weapon
 C - 2 scrolls of teleportation
 H - 3 scrolls of fear
 Q - a scroll of identify
Potions
 f - a potion of curing
 k - 2 potions of berserk rage
 n - 3 potions of heal wounds
 r - 2 potions of invisibility
 t - a potion of lignification
 v - a potion of degeneration
 z - 2 potions of agility
 N - a potion of ambrosia
 P - a potion of might
Miscellaneous
 L - a phantom mirror
Comestibles
 c - 14 rations


   Skills:
 - Level 1.7 Dodging
 - Level 1.7 Stealth
 + Level 10.2 Spellcasting
 + Level 11.5(11.4) Conjurations
 - Level 2.3 Hexes
 - Level 3.1(3.0) Translocations


You had 11 spell levels left.
You knew the following spells:

 Your Spells              Type           Power        Failure   Level  Hunger
a - Magic Dart            Conj           ####         1%          1    None
b - Searing Ray           Conj           ######       1%          2    None
c - Dazzling Spray        Conj/Hex       ######       1%          3    None
d - Iskenderun's Mystic   Conj           #######.     1%          4    None
e - Force Lance           Conj/Tloc      ######..     1%          4    None
f - Animate Skeleton      Necr           N/A          3%          1    None
g - Fulminant Prism       Conj/Hex       ######....   1%          4    None

Your spell library contained the following spells:

 Spells                   Type           Power        Failure   Level  Hunger
 Apportation              Tloc           #####.       1%          1    None
 Confusing Touch          Hex            #####.       1%          1    None
 Summon Small Mammal      Summ           ###.         3%          1    None


Dungeon Overview and Level Annotations

Branches:
Dungeon (11/15)              Lair (0/6) D:11            Orc (0/2) D:11
 Temple: D:4-7

Shops:
D:8 %   D:9 *


Innate Abilities, Weirdness & Mutations

You have an increased reservoir of magic. (+10% MP)
You have a pair of small horns on your head.
Your mind is acute. (Int +2)


Message History

You slash the red ugly thing!
The red ugly thing is heavily wounded.
The red ugly thing closely misses you.
You closely miss the red ugly thing.
You headbutt the red ugly thing, but do no damage.
The red ugly thing is heavily wounded.
The red ugly thing is no longer blind.
The red ugly thing closely misses you. The red ugly thing barely misses you.
You slash the red ugly thing!
Your headbutt misses the red ugly thing.
The red ugly thing is severely wounded.
The red ugly thing pecks you!
You are engulfed in flames!
You resist.
You hit the red ugly thing.
The red ugly thing is severely wounded.
The red ugly thing pecks you!
You are engulfed in flames!
You resist.
* * * LOW HITPOINT WARNING * * *
The red ugly thing pecks you!
* * * LOW HITPOINT WARNING * * *
You are engulfed in flames!
You resist.
You die...

......#.##.##.#..#
.###..#.##.##.#..#
.# #..........#..#
.# #..#.########.#
.# #..#.# #.# .#
#..#.# #.# .# #..#.#
#.# .# #..#.# #u# .#
#.##.# #@# .###.##.#
###
(.......############
............<......#
####.#.#)###.#...###
.................#
####...#..8..#...#
##..##...##..##
#..#######..#


You could see a red ugly thing.

Vanquished Creatures
  Josephine (D:11)
  3 two-headed ogres
  An unseen horror (D:10)
  A komodo dragon (D:11)
  A troll (D:9)
  3 hippogriffs
  2 wyverns
  5 wraiths
  Duvessa (D:4)
  An ice beast (D:10)
  3 orc warriors
  An eye of draining (D:11)
  A sky beast (D:6)
  2 black bears (D:6)
  An ogre (D:9)
  2 phantoms
  5 centaurs
  2 crocodiles
  4 bullfrogs
  A wyvern skeleton (D:6)
  3 scorpions
  Dowan (D:4)
  10 killer bees (D:10)
  4 wights (D:7)
  2 howler monkeys
  A bullfrog zombie (D:9)
  8 crimson imps
  8 hounds
  3 jellies (D:9)
  A quasit (D:9)
  8 orc priests
  11 orc wizards
  2 bullfrog skeletons
  A centaur skeleton (D:5)
  3 iguanas
  4 worker ants
  A killer bee zombie (D:7)
  2 howler monkey zombies (D:5)
  2 worker ant zombies
  14 adders
  14 gnolls
  2 shadow imps
  5 oozes (D:9)
  An adder zombie (D:5)
  5 worms
  A dart slug (D:1)
  13 leopard geckos
  41 orcs
  8 bats
  3 giant cockroaches
  9 goblins
  3 hobgoblins
  3 jackals (D:5)
  5 kobolds
  4 quokkas
  A ball python (D:1)
  3 frilled lizards
  A giant cockroach zombie (D:6)
  10 rats
262 creatures vanquished.

Vanquished Creatures (collateral kills)
  A bullfrog (D:11)
  A quasit (D:6)
2 creatures vanquished.

Vanquished Creatures (others)
  5 fulminant prisms (D:11)
  A plant (D:11)
6 creatures vanquished.

Grand Total: 270 creatures vanquished

Notes
Turn   | Place    | Note
-------+----------+-------------------------------------------
     0 | D:1      | Drachen the Demigod Conjurer began the quest for the Orb.
     0 | D:1      | Reached XP level 1. HP: 14/14 MP: 5/5
   199 | D:1      | Reached XP level 2. HP: 5/20 MP: 0/7
   224 | D:1      | HP: 1/20 [hobgoblin (4)]
   714 | D:1      | Reached skill level 4 in Conjurations
  1161 | D:1      | Learned a level 2 spell: Searing Ray
  1250 | D:2      | Reached XP level 3. HP: 24/26 MP: 7/9
  1607 | D:2      | Reached XP level 4. HP: 28/33 MP: 0/11
  1834 | D:2      | Learned a level 3 spell: Dazzling Spray
  2583 | D:3      | Reached skill level 1 in Hexes
  2631 | D:3      | Reached XP level 5. HP: 38/38 MP: 8/13
  2896 | D:3      | Learned a level 4 spell: Iskenderun's Mystic Blast
  2942 | D:3      | Reached skill level 5 in Conjurations
  3502 | D:4      | Noticed Dowan
  3503 | D:4      | Noticed Duvessa
  3524 | D:4      | Killed Dowan
  4088 | D:4      | Gained mutation: You have a pair of small horns on your
                  | head. [potion of mutation]
  4088 | D:4      | Gained mutation: Your mind is acute. (Int +2) [potion of
                  | mutation]
  4099 | D:4      | Killed Duvessa
  4099 | D:4      | Reached XP level 6. HP: 26/45 MP: 0/15
  4978 | D:5      | Entered Level 5 of the Dungeon
  5167 | D:5      | Reached skill level 6 in Conjurations
  5167 | D:5      | Reached XP level 7. HP: 20/50 MP: 0/17
  5543 | D:5      | Reached skill level 5 in Spellcasting
  5891 | D:5      | Learned a level 4 spell: Force Lance
  6576 | D:6      | Reached skill level 7 in Conjurations
  6690 | D:6      | Reached skill level 1 in Translocations
  6690 | D:6      | Reached XP level 8. HP: 53/57 MP: 0/20
  7352 | D:6      | Learned a level 1 spell: Animate Skeleton
  7364 | D:6      | Learned a level 4 spell: Fulminant Prism
  8432 | D:7      | Found a sacrificial altar of Ru.
  8432 | D:7      | Found a basalt altar of Yredelemnul.
  8432 | D:7      | Found a white marble altar of Elyvilon.
  8440 | D:7      | Reached skill level 8 in Conjurations
  9044 | D:7      | Reached XP level 9. HP: 62/62 MP: 14/23
  9432 | D:7      | You fall through a shaft!
  9900 | D:8      | Reached skill level 9 in Conjurations
 10123 | D:8      | Found Wilijorch's Food Shop.
 10337 | D:8      | Noticed a two-headed ogre
 10354 | D:8      | Killed a two-headed ogre
 11262 | D:9      | Reached XP level 10. HP: 46/69 MP: 22/26
 11439 | D:9      | Found Ewotauc's Assorted Antiques.
 11447 | D:9      | Reached skill level 10 in Conjurations
 11449 | D:9      | Bought a scroll labeled YGISAL ATWORU for 33 gold pieces
 11449 | D:9      | Bought a scroll labeled PYSTRA VUYSHAQ for 33 gold pieces
 11449 | D:9      | Bought a smoky coppery potion for 29 gold pieces
 11452 | D:9      | Got a translucent iron ring
 11454 | D:9      | Identified the ring of Qurov {rPois rF+ Int+3} (You
                  | acquired it on level 9 of the Dungeon)
 12050 | D:10     | Entered Level 10 of the Dungeon
 12783 | D:10     | Killed an unseen horror
 13243 | D:11     | Noticed a two-headed ogre
 13251 | D:11     | Killed a two-headed ogre
 13251 | D:11     | Reached skill level 11 in Conjurations
 13765 | D:11     | Found a staircase to the Lair.
 13785 | D:11     | Found a staircase to the Orcish Mines.
 13811 | D:11     | Noticed a two-headed ogre
 13811 | D:11     | Noticed a red ugly thing
 13820 | D:11     | Killed a two-headed ogre
 13820 | D:11     | Reached skill level 10 in Spellcasting
 14102 | D:11     | Noticed Josephine
 14112 | D:11     | Killed Josephine
 14274 | D:11     | Reached XP level 11. HP: 74/74 MP: 18/29
 14368 | D:11     | Mangled by a red ugly thing

Vault maps used:
D:1:      scummos_arrival_simple_fountains, minmay_misc_feat_roman,
          nrook_loot_triangle, minmay_pentomino_p4
D:2:      first_ration
D:3:      minmay_misc_feat_cross, kennysheep_cross_room
D:4:      serial_forest, infiniplex_forest_end_double, infiniplex_forest_end_3,
          infiniplex_forest_end_1, infiniplex_forest_straight_4,
          infiniplex_forest_straight_5, infiniplex_forest_lined_3,
          infiniplex_forest_lined_room_2, interstate_on_off, uniq_duvessa
D:5:      minmay_misc_feat_ornament, hangedman_decor_opposing,
          kennysheep_opposing_triangles
D:7:      grunt_temple_overflow_open, temple_pool_b
D:8:      serial_shops, kennysheep_mini_moat
D:9:      serial_shops, nicolae_shop_overgrown_old_shop,
          hangedman_little_slice_of_home
D:10:     st_stairs_14
D:11:     david_lair_shrubbed, orc_0_dummy, mrwooster_statue_mirror,
          uniq_josephine

Skill      XL: |  1  2  3  4  5  6  7  8  9 10 |
---------------+-------------------------------+-----
Spellcasting   | 2 3 4 5 7 8 10 | 10.2
Conjurations   | 4 5 6 7 8 9 11 | 11.5
Hexes          | 1 2 |  2.3
Translocations | 1 3 |  3.1
Dodging        | |  1.7
Stealth        | |  1.7

Action                   |  1- 3 |  4- 6 |  7- 9 | 10-12 || total
-------------------------+-------+-------+-------+-------++-------
Melee: Unarmed           |    13 |       |       |       ||    13
       Dagger            |    44 |    81 |    75 |       ||   200
       Headbutt          |       |    16 |    29 |     6 ||    51
       Scimitar          |       |       |    19 |    30 ||    49
 Cast: Magic Dart        |    49 |    92 |   223 |   132 ||   496
       Searing Ray       |       |     5 |    14 |     5 ||    24
       Iskenderun's Myst |       |    13 |    30 |    44 ||    87
       Dazzling Spray    |       |     7 |    30 |    13 ||    50
       Animate Skeleton  |       |       |     1 |     1 ||     2
       Force Lance       |       |       |     1 |     6 ||     7
       Fulminant Prism   |       |       |       |     5 ||     5
Evoke: Wand              |       |       |     1 |       ||     1
  Use: Potion            |     1 |     8 |       |     1 ||    10
       Scroll            |     1 |     5 |     8 |     4 ||    18
 Stab: Sleeping          |     4 |     5 |     2 |       ||    11
  Eat: Chunk             |     2 |     9 |    13 |     7 ||    31
       Ration            |       |     1 |     3 |     1 ||     5
Armor: Robe              |    13 |    28 |   113 |     1 ||   155
       Troll leather arm |       |       |       |    21 ||    21
Dodge: Dodged            |    52 |    49 |   181 |    64 ||   346
       Rpst.: Scimitar   |       |       |    20 |    14 ||    34

Table legend:
 A = Non-vault XP
 B = Vault XP
 C = Vault XP percentage of total XP
 D = Non-vault monster count
 E = Vault monster count
 F = Vault count percentage of total count
                 A         B        C        D         E       F
            +---------+---------+-------+---------+---------+-------
      Total |   11431 |    1964 |  14.7 |     239 |      25 |   9.5
            +---------+---------+-------+---------+---------+-------
        D:1 |      39 |       7 |  15.2 |      21 |       4 |  16.0
        D:2 |     154 |       0 |   0.0 |      20 |       0 |   0.0
        D:3 |     183 |       0 |   0.0 |      33 |       0 |   0.0
        D:4 |     108 |     220 |  67.1 |      12 |       2 |  14.3
        D:5 |     664 |     190 |  22.2 |      19 |       4 |  17.4
        D:6 |    1080 |       0 |   0.0 |      27 |       0 |   0.0
        D:7 |    1180 |       0 |   0.0 |      24 |       0 |   0.0
        D:8 |    1648 |       0 |   0.0 |      26 |       0 |   0.0
        D:9 |    1579 |     159 |   9.1 |      16 |       8 |  33.3
       D:10 |    2489 |      43 |   1.7 |      31 |       1 |   3.1
       D:11 |    2307 |    1345 |  36.8 |      10 |       6 |  37.5
            +---------+---------+-------+---------+---------+-------
